 Dungeon Crawl Stone Soup version 0.26-a0-639-g72c4674329 (webtiles) character file.

Game seed: 3215932102279035565

341 Peloso the Shield-Bearer (level 6, -3/48 HPs)
             Began as a Demonspawn Fighter on Sept 18, 2020.
             Was a Follower of Okawaru.
             Killed by divine providence
             ... invoked by an orc priest
              (11 damage)
             ... on level 4 of the Dungeon.
             The game lasted 00:05:46 (2743 turns).

Peloso the Shield-Bearer (Demonspawn Fighter)       Turns: 2743, Time: 00:05:50

Health: -3/48      AC: 13    Str: 19    XL:     6   Next: 30%
Magic:  0/6        EV:  3    Int:  9    God:    Okawaru [*.....]
Gold:   104        SH:  9    Dex: 12    Spells: 5/5 levels left

rFire    . . .     SeeInvis .   a - +0 long sword
rCold    . . .     Faith    .   c - +0 kite shield
rNeg     . . .     Spirit   +   p - +0 plate armour
rPois    .         Reflect  .   (no helmet)
rElec    .         Harm     .   (no cloak)
rCorr    .         Rampage  .   (no gloves)
MR       .....                  (no boots)
Stlth    ..........             (no amulet)
HPRegen  0.16/turn              (no ring)
MPRegen  0.20/turn              (no ring)

@: mighty
A: icy blue scales 1, magic shield, magic regeneration
a: Heroism, Renounce Religion


You were on level 4 of the Dungeon.
You worshipped Okawaru.
Okawaru was aware of your devotion.
You visited 1 branch of the dungeon, and saw 4 of its levels.

You collected 104 gold pieces.

Inventory:

Hand Weapons
 a - a +0 long sword (weapon)
Armour
 b - a +0 scale mail
 c - a +0 kite shield (worn)
 p - a +0 plate armour (worn)
Scrolls
 f - a scroll of enchant weapon {unknown}
 h - 3 scrolls of fear
 i - 2 scrolls of remove curse {unknown}
 j - 2 scrolls of teleportation {unknown}
 l - a scroll of immolation {unknown}
 r - a scroll of noise {unknown}
 s - 2 scrolls of identify
 t - 2 scrolls of amnesia {unknown}
Potions
 e - 2 potions of curing {unknown}
 g - 2 potions of flight
 m - a potion of berserk rage
 n - a potion of haste
 o - a potion of ambrosia {unknown}
 q - a potion of magic {unknown}


   Skills:
 + Level 4.1 Fighting
 + Level 3.6 Long Blades
 + Level 3.6 Armour
 + Level 0.4 Dodging
 + Level 4.2 Shields


You had 5 spell levels left.
You didn't know any spells.
Your spell library was empty.

Dungeon Overview and Level Annotations

Branches:
Dungeon (4/15)
 Temple: D:4-7

Altars:
Cheibriados
Okawaru


Innate Abilities, Weirdness & Mutations

You are partially covered in icy blue scales. (AC +2)
When hurt, damage is shared between your health and your magic reserves.
You regenerate magic rapidly.


Message History

You feel very mighty all of a sudden. The adder bites you but does no damage.
You slash the adder!
You kill the adder!
Okawaru accepts your kill. Something hits you.
* * * LOW HITPOINT WARNING * * *
You closely miss something. Something hits you but does no damage.
You miss something. You block something's attack.
The orc priest calls upon Beogh to heal the orc.
The orc's wounds heal themselves!
Something hits you.
* * * LOW HITPOINT WARNING * * *
You closely miss something.
Something hits you but does no damage. x2
You slash something! Okawaru accepts your kill.
Reactivating autopickup.
You feel a bit more experienced.
The orc priest mumbles some strange prayers to Beogh against you.
Beogh smites you!
You die...

####
####..#
####oo@.#
#.ro.####
......o###
.......
.......
.......
.......
.......
.......


You could see an orc priest, 3 orcs and a quokka.

Vanquished Creatures
  Menkaure (D:4)
  An orc priest (D:3)
  An orc wizard (D:4)
  8 gnolls
  4 adders
  3 oozes
  A dart slug (D:2)
  2 leopard geckos
  8 orcs (D:3)
  4 giant cockroaches
  5 goblins
  3 hobgoblins (D:1)
  4 kobolds
  A quokka (D:3)
  12 bats
  2 frilled lizards (D:1)
  5 rats
65 creatures vanquished.

Notes
Turn   | Place    | Note
-------+----------+-------------------------------------------
     0 | D:1      | Peloso the Demonspawn Fighter began the quest for the Orb.
     0 | D:1      | Reached XP level 1. HP: 18/18 MP: 1/1
   134 | D:1      | Gained mutation: You are partially covered in icy blue
                  | scales. (AC +2) [demonic ancestry]
   134 | D:1      | Reached XP level 2. HP: 23/24 MP: 2/2
   433 | D:1      | Gained mutation: When hurt, damage is shared between your
                  | health and your magic reserves. [demonic ancestry]
   433 | D:1      | Reached XP level 3. HP: 24/29 MP: 3/3
  1137 | D:2      | Found a snail-covered altar of Cheibriados.
  1273 | D:2      | Gained mutation: You regenerate magic rapidly. [demonic
                  | ancestry]
  1273 | D:2      | Reached XP level 4. HP: 30/36 MP: 2/4
  1593 | D:2      | Found an iron altar of Okawaru.
  1628 | D:2      | Became a worshipper of Warmaster Okawaru
  2086 | D:3      | Reached XP level 5. HP: 36/42 MP: 5/5
  2715 | D:4      | Noticed Menkaure
  2733 | D:4      | Killed Menkaure
  2733 | D:4      | Reached * piety under Okawaru
  2733 | D:4      | Reached XP level 6. HP: 17/48 MP: 0/6
  2743 | D:4      | Killed from afar by an orc priest

Illustrated notes

Levels and vault maps discovered:
D:1:      dpeg_arrival_rooms_c, layout_basic
D:2:      kennysheep_big_flooded_room, layout_basic, lemuel_doored_altar,
          okawaru_trees_2
D:3:      layout_rooms
D:4:      layout_cave_pods, lightli_ossuary_entry_decrepit_ruins, uniq_natasha,
          uniq_menkaure

Skill      XL: |  1  2  3  4  5 |
---------------+----------------+-----
Long Blades    | 2 3 |  3.6
Shields        | 3 4 |  4.2
Armour         | 3 |  3.6
Fighting       | 4 |  4.1
Dodging        | |  0.4

Action                   |  1- 3 |  4- 6 || total
-------------------------+-------+-------++-------
Melee: Long sword        |   105 |   137 ||   242
  Use: Scroll            |     4 |     1 ||     5
       Potion            |       |     2 ||     2
Armor: Scale mail        |    55 |       ||    55
       Plate armour      |    26 |    80 ||   106
Dodge: Dodged            |    38 |    28 ||    66
Block: Kite shield       |    66 |    69 ||   135
       Rpst.: Long sword |     7 |    12 ||    19

Table legend: (Time is in decaauts)
 A = Elapsed time spent in this place.
 B = Non-inter-level travel time spent in this place.
 C = Inter-level travel time spent in this place.
 D = Time resting spent in this place.
 E = Time spent auto-exploring this place.
 F = Levels seen in this place.
 G = Mean time per level.
                   A        B        C        D        E       F      G
               +--------+--------+--------+--------+--------+-----+--------+
         Total |   2828 |   2806 |     22 |    372 |   1716 |   4 |  707.0 |
       Dungeon |   2828 |   2806 |     22 |    372 |   1716 |   4 |  707.0 |
               +--------+--------+--------+--------+--------+-----+--------+

Top non-repeatable levels by time:
     D:2: 1055 daAuts
     D:1: 872 daAuts
     D:3: 869 daAuts
     D:4: 31 daAuts
